 Dungeon Crawl Stone Soup version 0.14-a0-3134-g2c86dbf (webtiles) character file.

2566 Froboctopus the Transmogrifier (level 9, -2/41 HPs)
             Began as a Felid Transmuter on Mar 8, 2014.
             Splashed by a jelly's acid (8 damage)
             ... on Level 8 of the Dungeon.
             The game lasted 00:30:41 (11397 turns).

Froboctopus the Transmogrifier (Felid Transmuter)  Turns: 11397, Time: 00:30:43

HP  -2/41        AC  2     Str 11      XL: 9   Next:  9%
MP  16/21        EV 23     Int 14      God:
Gold 422         SH  0     Dex 17      Spells:  4 memorised,  1 level left
Lives: 0, deaths: 2

rFire  . . .     SeeInvis +       - Unarmed
rCold  + . .     Clarity  .     (armour unavailable)
rNeg   . . .     Conserve +     (shield unavailable)
rPois  .         rCorr    .     (helmet unavailable)
rElec  .         rRot     .     (cloak unavailable)
SustAb . .       Spirit   .     (gloves unavailable)
rMut   .         Warding  .     (boots unavailable)
Saprov . . .     Stasis   .     k - amulet of conservation
MR     +....                    q - +2 ring of strength
                                t - ring of protection from cold

@: blade paws (expiring), quick, somewhat resistant to hostile enchantments,
extremely unstealthy
A: paw claws, no armour, no weapons or thrown items, fangs 3, see invisible,
carnivore 3, speed 1, shaggy fur 2, slow metabolism 1, jump 2
a: Jump Attack, End Transformation


You were on level 8 of the Dungeon.
You were very full.
Your front paws were blades.
You visited 1 branch of the dungeon, and saw 8 of its levels.
You also visited: Sewer.

You collected 422 gold pieces.

Inventory:

Missiles
 b - 12 arrows
Magical devices
 d - a wand of flame (13)
 m - a wand of random effects (4)
 p - a wand of random effects (3)
 x - a wand of lightning (3)
Comestibles
 a - 4 meat rations
 f - a rotting chunk of black bear flesh
Scrolls
 c - 3 scrolls of remove curse
 j - 4 scrolls of identify
 o - 4 scrolls of teleportation
Jewellery
 k - an amulet of conservation (around neck)
 n - an uncursed ring of teleport control
 q - a +2 ring of strength (right scythe-like blade)
 t - a ring of protection from cold (left scythe-like blade)
Potions
 e - a potion of magic
 g - 4 potions of curing
 i - a potion of agility
 l - 2 potions of heal wounds
 r - 2 potions of restore abilities
 s - a potion of brilliance
 v - 2 potions of speed


   Skills:
 + Level 5.8 Fighting
 * Level 7.2 Dodging
 * Level 7.6 Unarmed Combat
 - Level 3.0 Spellcasting
 - Level 9.0 Transmutations


You had one spell level left.
You knew the following spells:

 Your Spells              Type           Power        Failure   Level  Hunger
a - Beastly Appendage     Trmt           ####..       14%         1    #......
b - Spider Form           Trmt/Pois      ##........   50%         3    ###....
c - Blade Hands           Trmt           ####......   58%         5    ######.
d - Ice Form              Ice/Trmt       ##........   80%         4    #####..


Dungeon Overview and Level Annotations

Branches:
Dungeon (8/16)             Temple (0/1) D:6
   Lair: D:8-11

Altars:
Kikubaaqudgha

Annotations:
D:8 exclusions: killer bee and 1 more exclusion


Innate Abilities, Weirdness & Mutations

You cannot wear armour.
You are incapable of wielding weapons or throwing items.
((Your paws have sharp claws.))*
You have razor-sharp teeth.*
You have supernaturally acute eyesight.
You are carnivorous and can eat meat at any time.
You cover ground quickly.*
You are covered in thick fur (AC +2).*
You have a slow metabolism.
You can jump attack at a medium distance.


Message History

Your transformation is almost over.
Found 14 darts.
Your transformation has ended.
You fall off the wall.
A two-headed ogre comes into view.
It is wielding a dire flail and a giant spiked club.
The two-headed ogre shouts in stereo!
The two-headed ogre moves out of view.
The jelly quivers.
Casting: Spider Form
Confirm with . or Enter, or press ? or * to list all spells.
Your front paws turn into razor-sharp scythe blades.
You barely miss the jelly.
You smell something rotten. (slot f)
You hit the jelly.
Your scythe-like blades burn!
* * * LOW HITPOINT WARNING * * *
The jelly is lightly wounded.
The jelly hits you.
* * * LOW HITPOINT WARNING * * *
You are splashed with acid!
The acid burns!
You die...

#...## *,,,,,,,,,,***...***#.#.#.
#...# *,,,,,,,,,,* *#(#* #.#...
#...########++####*###.### #.....
#...#...#......#.# #.(...###.....
..........##.###.###.....##......
..........##.###.........##......
.........###.....###.............
#...#...####.###J# #.....###.....
#...###......# #@# #.##### ##.O.#
#...# ######## #.# #.#### ##.##
#...#* #.# #....######.# #....**
#.###........##.# #...#.*
#.##.....O......# ##...#*
#.##.......#.#### ,,.,,,*
#.O........#.# ,**,*,*
#####....(.#.# ,**,*,* #....#.#.#


You could see a two-headed ogre and a jelly.

Vanquished Creatures
  Prince Ribbit (D:6)
  2 ice beasts (D:7)
  A black bear (D:8)
  2 sky beasts
  A phantom (D:6)
  3 centaurs
  6 ogres
  3 giant frogs
  Blork the orc (D:4)
  A scorpion (D:4)
  3 crimson imps
  Crazy Yiuf (D:3)
  3 jellies
  7 orc priests
  4 orc wizards
  A hound (D:7)
  6 worker ants
  4 iguanas
  Ijyb (D:7)
  10 adders
  5 gnolls
  An inept item mimic (D:3)
  7 giant mites
  3 worms
  A giant eyeball (D:4)
  An ooze (D:2)
  30 orcs
  10 giant cockroaches
  17 hobgoblins
  11 jackals
  12 kobolds
  A quokka (D:3)
  3 ball pythons
  18 bats
  4 giant geckos
  15 giant newts
  11 goblins
  A jackal skeleton (D:4)
  A kobold skeleton (D:4)
  A kobold zombie (D:7)
  8 rats
222 creatures vanquished.

Notes
Turn   | Place    | Note
--------------------------------------------------------------
     0 | D:1      | Froboctopus, the Felid Transmuter, began the quest for the Orb.
     0 | D:1      | Reached XP level 1. HP: 9/9 MP: 4/4
   617 | D:1      | Reached XP level 2. HP: 8/12 MP: 3/5
  1387 | D:1      | Reached XP level 3. HP: 13/15 MP: 8/8
  1950 | D:2      | Learned a level 3 spell: Spider Form
  2769 | D:2      | Reached XP level 4. HP: 19/19 MP: 9/11
  2775 | D:2      | Reached skill level 4 in Transmutations
  3796 | D:3      | Reached XP level 5. HP: 19/22 MP: 12/14
  3849 | D:3      | Learned a level 5 spell: Blade Hands
  3919 | D:3      | Reached skill level 5 in Transmutations
  4421 | D:3      | Gained mutation: You are covered in thick fur (AC +2). [growing up]
  4421 | D:3      | Gained mutation: You can jump attack at a medium distance. [growing up]
  4421 | D:3      | Reached XP level 6. HP: 22/26 MP: 14/16
  4472 | D:3      | Noticed Crazy Yiuf
  4484 | D:3      | Killed Crazy Yiuf
  5055 | D:4      | Reached skill level 6 in Transmutations
  5085 | D:4      | HP: 1/27 [poisoned by a worker ant]
  5611 | D:4      | Noticed Blork the orc
  5739 | D:4      | Killed from afar by Blork the orc
  5740 | D:4      | Reached XP level 5. HP: -6/23 MP: 14/14
  5747 | D:4      | Killed Blork the orc
  5747 | D:4      | Reached XP level 6. HP: 25/27 MP: 16/16
  5977 | D:4      | Found an ancient bone altar of Kikubaaqudgha.
  6268 | D:4      | Reached skill level 7 in Transmutations
  6339 | D:4      | Reached XP level 7. HP: 25/31 MP: 14/18
  6588 | D:5      | Entered Level 5 of the Dungeon
  6774 | D:5      | Reached skill level 5 in Unarmed Combat
  6965 | D:5      | Found a glowing drain.
  7028 | D:5      | Reached skill level 8 in Transmutations
  7167 | Sewer    | Entered a sewer
  8213 | D:5      | Reached XP level 8. HP: 27/36 MP: 16/20
  8258 | D:6      | Noticed Prince Ribbit
  8263 | D:6      | Killed Prince Ribbit
  8522 | D:6      | Slain by a phantom
  8523 | D:6      | Reached XP level 7. HP: -1/33 MP: 18/18
  8541 | D:6      | Reached skill level 9 in Transmutations
  8746 | D:6      | Reached skill level 5 in Fighting
  9252 | D:6      | Found a staircase to the Ecumenical Temple.
  9351 | D:7      | Reached XP level 8. HP: 35/37 MP: 18/20
  9381 | D:7      | Noticed Ijyb
  9403 | D:7      | Killed Ijyb
  9877 | D:7      | Learned a level 4 spell: Ice Form
  9910 | D:7      | Reached skill level 5 in Dodging
 11141 | D:8      | Reached XP level 9. HP: 25/41 MP: 21/21
 11368 | D:8      | Noticed a two-headed ogre
 11397 | D:8      | Splashed by a jelly's acid

Action                   |  1- 3 |  4- 6 |  7- 9 || total
-------------------------+-------+-------+-------++-------
Melee: Unarmed           |   142 |   241 |   337 ||   720
 Cast: Beastly Appendage |    17 |    24 |    29 ||    70
       Spider Form       |     1 |    11 |    11 ||    23
       Blade Hands       |       |       |     4 ||     4
 Abil: Jump Attack       |     1 |    10 |     4 ||    15
Evoke: Wand              |       |     8 |     2 ||    10
  Use: Scroll            |       |    15 |     5 ||    20
       Potion            |       |     3 |       ||     3
 Stab: Sleeping          |     2 |     5 |     3 ||    10
